 Dungeon Crawl Stone Soup version 0.22-a0-136-g83a10e5 (webtiles) character file.

101 Amnesiac the Chiller (level 4, -1/42 HPs)
             Began as a Deep Elf Ice Elementalist on Feb 2, 2018.
             Slain by Sigmund
             ... wielding a +1 scythe of venom
              (7 damage)
             ... on level 2 of the Dungeon.
             The game lasted 00:03:13 (2333 turns).

Amnesiac the Chiller (Deep Elf Ice Elementalist)    Turns: 2333, Time: 00:03:13

Health: -1/42      AC:  2    Str: 10    XL:     4   Next: 48%
Magic:  7/10       EV: 13    Int: 21    God:
Gold:   167        SH:  2    Dex: 15    Spells: 5/9 levels left

rFire    + . .     SeeInvis .   s - staff of fire
rCold    . . .     Gourm    .   (no shield)
rNeg     . . .     Faith    .   a - +0 robe
rPois    .         Spirit   .   (no helmet)
rElec    .         Reflect  +   (no cloak)
rCorr    .         Harm     .   (no gloves)
MR       .....                  (no boots)
Stlth    ..........             j - +2 amulet of reflection
HPRegen  0.14/turn              (no ring)
MPRegen  0.12/turn              (no ring)

@: berserking (expiring), lethally poisoned (-1 -> -8), very quick
A: no striking features
a: no special abilities


You were on level 2 of the Dungeon.
You were not hungry.

You visited 1 branch of the dungeon, and saw 2 of its levels.

You collected 167 gold pieces.

Inventory:

Missiles
 e - 72 stones (quivered)
 f - 5 needles of sleeping
 l - 13 poisoned needles
Armour
 a - a +0 robe (worn)
 t - a +1 hat
Magical Staves
 s - an uncursed staff of fire (weapon)
Jewellery
 j - a +2 amulet of reflection (around neck)
 k - an uncursed ring of protection from cold {unknown}
 w - an uncursed amulet of magic regeneration {unknown}
Scrolls
 d - 2 scrolls of identify {!r, unknown}
 g - 2 scrolls of fear {!r, unknown}
 i - a scroll of amnesia {!r, unknown}
 m - a scroll of remove curse {!r, unknown}
 o - a scroll of enchant armour {!r, unknown}
 p - a scroll of random uselessness {!r, unknown}
 x - a scroll of teleportation {!r, unknown}
 y - a scroll of blinking {!r, unknown}
Potions
 h - a potion of mutation {!q, unknown}
 n - a potion of haste {!q, unknown}
 r - a potion of lignification {!q, unknown}
 v - a potion of magic {!q, unknown}
 z - a potion of flight {!q, unknown}
Books
 b - a book of Frost

   Spells                             Type                      Level
   a - Freeze                         Ice                          1
   b - Throw Frost                    Conjuration/Ice              2
   c - Ozocubu's Armour               Charms/Ice                   3
   d - Throw Icicle                   Conjuration/Ice              4
   e - Summon Ice Beast               Ice/Summoning                4
Comestibles
 c - 3 rations
 u - a chunk of flesh


   Skills:
 * Level 3.0 Fighting
 + Level 3.0 Dodging
 - Level 2.4 Stealth
 - Level 3.0 Spellcasting
   Level 1.1 Conjurations
 + Level 3.6 Ice Magic


You had 5 spell levels left.
You knew the following spells:

 Your Spells              Type           Power        Failure   Level  Hunger
a - Freeze                Ice            ###.         3%          1    None
b - Ozocubu's Armour      Chrm/Ice       ##......     19%         3    ###....


Dungeon Overview and Level Annotations

Branches:
Dungeon (2/15)

Altars:
Vehumet

Annotations:
D:2 Sigmund


Message History

Really walk into a travel-excluded area?
Casting: Freeze (safe; 3% risk of failure)
Confirm with . or Enter, or press ? or * to list all spells.
Aiming: Freeze (safe; 3% risk of failure)
Press: ? - help, Shift-Dir - straight line, f - Sigmund
Aim: Sigmund, wielding a scythe of venom and wearing a robe (resting)
You freeze Sigmund.
Sigmund shouts!
Sigmund is lightly wounded.
Sigmund says, "Don't worry, I'll kill you fast."
Sigmund barely misses you.
Casting: Freeze (safe; 3% risk of failure)
Confirm with . or Enter, or press ? or * to list all spells.
Aiming: Freeze (safe; 3% risk of failure)
Press: ? - help, Shift-Dir - straight line, f/p - Sigmund
Aim: Sigmund, wielding a scythe of venom and wearing a robe (lightly wounded)
You freeze Sigmund.
Sigmund is moderately wounded.
Casting: Freeze (safe; 3% risk of failure)
Confirm with . or Enter, or press ? or * to list all spells.
Aiming: Freeze (safe; 3% risk of failure)
Press: ? - help, Shift-Dir - straight line, f/p - Sigmund
Aim: Sigmund, wielding a scythe of venom and wearing a robe (moderately wounded)
You freeze Sigmund.
Sigmund is moderately wounded.
Sigmund hits you with a scythe of venom!
You are poisoned.
Casting: Freeze (safe; 3% risk of failure)
Confirm with . or Enter, or press ? or * to list all spells.
Aiming: Freeze (safe; 3% risk of failure)
Press: ? - help, Shift-Dir - straight line, f/p - Sigmund
Aim: Sigmund, wielding a scythe of venom and wearing a robe (moderately wounded)
You freeze Sigmund.
Sigmund is heavily wounded.
You feel sick.
Sigmund points at you and mumbles some strange words.
The magic dart hits you!
* * * LOW HITPOINT WARNING * * *
* * * LOW HITPOINT WARNING * * *
You feel sick.
Really quaff
q - a smoky orange potion {!q}?
It was a potion of berserk rage {!q}.
A red film seems to cover your vision as you go berserk!
You feel yourself moving faster!
You feel mighty!
* * * LOW HITPOINT WARNING * * *
You feel sick. Sigmund barely misses you.
You hit Sigmund!
Sigmund is severely wounded.
* * * LOW HITPOINT WARNING * * *
You feel sick.
You hit Sigmund!
Sigmund is almost dead.
Sigmund is suddenly surrounded by pale red light.
Sigmund misses you.
You closely miss Sigmund.
Sigmund is almost dead.
* * * LOW HITPOINT WARNING * * *
You feel sick.
You closely miss Sigmund.
Sigmund is almost dead.
* * * LOW HITPOINT WARNING * * *
You feel sick.
Sigmund hits you with a scythe of venom!
You die...

........................>#
[.....###.[#.#........#..#
......# ##.#.#.##.#####..########
......####.#.....................
......##....##........#.#.######.
......##....#####.###.#...# #.
......##..............##### #.
......##.....####@##..# #.
##..............@.....# #.
#...).######.####.....### #.
#.......................# #.
#....########.###.....#.# #.
##.#.......##.)##.....#.# #.
#.#..####.###)##.....#.# #.
#.#..#..#.# #..#.....#.# #.
##.#...S##.####.#.#...#.# #.
##.##.#.<#............#.# #.


You could see Sigmund.

Vanquished Creatures
  5 adders (D:2)
  An ooze (D:1)
  4 leopard geckos
  2 giant cockroaches (D:1)
  6 hobgoblins
  6 jackals
  6 kobolds
  2 bats (D:2)
  3 frilled lizards
  9 goblins
  3 rats
47 creatures vanquished.

Notes
Turn   | Place    | Note
-------+----------+-------------------------------------------
     0 | D:1      | Amnesiac the Deep Elf Ice Elementalist began the quest for the Orb.
     0 | D:1      | Reached XP level 1. HP: 10/10 MP: 6/6
    37 | D:1      | Reached skill level 1 in Fighting
   163 | D:1      | Reached XP level 2. HP: 16/16 MP: 6/8
   956 | D:1      | Reached XP level 3. HP: 21/21 MP: 6/9
  1494 | D:2      | Found a faded altar of an unknown god.
  1547 | D:2      | Noticed Sigmund
  1665 | D:2      | Reached XP level 4. HP: 24/27 MP: 4/10
  1719 | D:2      | Learned a level 3 spell: Ozocubu's Armour
  1973 | D:2      | Found a radiant altar of Vehumet.
  2333 | D:2      | Slain by Sigmund

Vault maps used:
D:1:      lightli_arrival_maybe_door_vault
D:2:      fiery_altar_vehumet, chequers_ecumenical_altar_simple, uniq_sigmund

Skill      XL: |  1  2  3  4 |
---------------+-------------+-----
Fighting       | 1 2 3 |  3.0
Dodging        | 3 |  3.0
Stealth        | |  2.4
Spellcasting   | |  3.0
Conjurations   | |  1.1
Ice Magic      | |  3.6

Action                   |  1- 3 |  4- 6 || total
-------------------------+-------+-------++-------
Melee: Unarmed           |    11 |       ||    11
       Staff             |       |     5 ||     5
 Cast: Freeze            |    62 |    21 ||    83
  Use: Potion            |       |     1 ||     1
  Eat: Chunk             |     2 |     2 ||     4
Armor: Robe              |     8 |     1 ||     9
Dodge: Dodged            |    29 |    10 ||    39
Block: Other             |     2 |       ||     2

Table legend:
 A = Spawn XP
 B = Non-spawn XP
 C = Spawn XP percentage of total XP
 D = Spawn monster count
 E = Non-spawn monster count
 F = Spawn count percentage of total count
 G = Total turns spent on level
                    A         B        C        D         E        F      G
               +---------+---------+-------+---------+---------+-------+---------
         Total |       0 |     145 |   0.0 |       0 |      47 |   0.0 |  2333
               +---------+---------+-------+---------+---------+-------+---------
           D:1 |       0 |      53 |   0.0 |       0 |      26 |   0.0 |  1439
           D:2 |       0 |      92 |   0.0 |       0 |      21 |   0.0 |   894
               +---------+---------+-------+---------+---------+-------+---------
